 Dungeon Crawl Stone Soup version 0.17-a0-1954-g0dddeaa (webtiles) character file.

7930 4thArraOfDagon the Severer (level 11, -2/101 HPs)
             Began as a Hill Orc Berserker on Oct 3, 2015.
             Was a Priest of Trog.
             Slain by a 20-headed hydra (9 damage)
             ... on level 1 of the Lair of Beasts.
             The game lasted 00:17:18 (3287 turns).

4thArraOfDagon the Severer (Hill Orc Berserker)     Turns: 3287, Time: 00:17:19

Health: -2/101     AC: 36    Str: 24    XL:     11   Next: 22%
Magic:  11/11      EV:  7    Int:  7    God:    Trog [***...]
Gold:   375        SH:  0    Dex: 10    Spells: 0 memorised, 10 levels left

rFire  . . .     SeeInvis .     J - +0 war axe
rCold  . . .     Clarity  .     y - +15 Maxwell's patent armour {-Cast -Tele rElec MR+ rCorr}
rNeg   . . .     SustAt   .     (no shield)
rPois  .         Gourm    .     (no helmet)
rElec  +         Spirit   .     (no cloak)
rCorr  +         Warding  .     r - +1 pair of gloves
rMut   .         NoTele   +     e - +0 pair of boots
MR     +....     NoCast   +     (no amulet)
Stlth  ..........               (no ring)
                                (no ring)

@: exhausted, slowed, very slow, somewhat resistant to hostile enchantments,
extremely unstealthy
A: molten scales 1, slimy green scales 1, blurry vision 1
a: Burn Spellbooks, Berserk, Trog's Hand, Renounce Religion


You were on level 1 of the Lair of Beasts.
You worshipped Trog.
Trog was most pleased with you.
You were very hungry.

You visited 2 branches of the dungeon, and saw 15 of its levels.

You collected 375 gold pieces.

Inventory:

Hand weapons
 J - a +0 war axe (weapon)
Missiles
 l - a throwing net (quivered)
 z - 8 curare-tipped needles
Armour
 e - a +0 pair of boots (worn)
 r - a +1 pair of gloves (worn)
 y - the +15 Maxwell's patent armour (worn) {-Cast -Tele rElec MR+ rCorr}
   (You found it on level 8 of the Dungeon)

   It insulates you from electricity.
   It affects your resistance to hostile enchantments.
   It prevents spellcasting.
   It prevents most forms of teleportation.
   It protects you from acid and corrosion.
Jewellery
 h - an uncursed ring of magical power {unknown}
Magical devices
 f - a wand of invisibility (4)
 g - a wand of slowing (14)
 v - a wand of fireball (8)
 B - a wand of draining (8)
Scrolls
 a - a scroll of recharging {unknown}
 d - 3 scrolls of remove curse
 i - a scroll of teleportation
 n - a scroll of fear {unknown}
 u - a scroll of torment {unknown}
 x - 2 scrolls of noise {unknown}
 D - 2 scrolls of acquirement {unknown}
 E - a scroll of enchant weapon {unknown}
Potions
 b - a potion of agility {unknown}
 j - 2 potions of heal wounds
 o - a potion of cure mutation
 q - 3 potions of curing
 G - a potion of berserk rage
 H - 2 potions of brilliance
Books
 k - a book of Minor Magic

   Spells                             Type                      Level
   a - Magic Dart                     Conjuration                  1
   b - Blink                          Translocation                2
   c - Call Imp                       Summoning                    2
   d - Repel Missiles                 Charms/Air                   2
   e - Slow                           Hexes                        2
   f - Conjure Flame                  Conjuration/Fire             3
   g - Mephitic Cloud                 Conjuration/Poison/Air       3
   Trog disapproves of the use of such an item.
 s - a book of Maledictions

   Spells                             Type                      Level
   a - Corona                         Hexes                        1
   b - Ensorcelled Hibernation        Hexes/Ice                    2
   c - Confuse                        Hexes                        3
   d - Tukima's Dance                 Hexes                        3
   e - Dazzling Spray                 Conjuration/Hexes            3
   Trog disapproves of the use of such an item.
 C - a book of Power

   Spells                             Type                      Level
   a - Fulminant Prism                Conjuration/Hexes            4
   b - Iskenderun's Mystic Blast      Conjuration                  4
   c - Venom Bolt                     Conjuration/Poison           5
   d - Bolt of Magma                  Conjuration/Fire/Earth       5
   e - Iron Shot                      Conjuration/Earth            6
   f - Orb of Destruction             Conjuration                  7
   g - Spellforged Servitor           Conjuration/Summoning        7
   Trog disapproves of the use of such an item.
Comestibles
 c - 3 bread rations
 m - 3 meat rations
 p - 3 beef jerkies
 t - 2 chunks of flesh
 w - a fruit
 A - 2 royal jellies


   Skills:
 + Level 10.6 Fighting
 * Level 15.4 Axes
 + Level 9.6 Armour
 - Level 1.5 Dodging


You had 10 spell levels left.
You didn't know any spells.

Dungeon Overview and Level Annotations

Branches:
Dungeon (14/15)              Lair (1/8) D:10         Vaults (0/5) D:13
 Temple: D:4-7          Orc: D:9-12

Altars:

Shops:
D:4 ?   D:8 *

Annotations:
D:3 Grinder
D:13 Donald


Innate Abilities, Weirdness & Mutations

You are partially covered in molten scales (AC +1).
You are partially covered in slimy green scales (AC +2).
Scrolls take you a little longer to read.


Message History

Unknown command.
Use which ability?
Your polar bear goes berserk!
You feel somewhat more hungry.
You can no longer call in reinforcements.
Unknown command.
Unknown command.
Unknown command.
Evoke which item? (* to show all) (? for menu, Esc to quit)
Okay, then.
Your polar bear bites the 20-headed hydra!!
Your polar bear claws the 20-headed hydra. x2
The 20-headed hydra barely misses you.
The 20-headed hydra bites you but does no damage.
The 20-headed hydra bites you.
* * * LOW HITPOINT WARNING * * *
The 20-headed hydra bites you.
* * * LOW HITPOINT WARNING * * *
The 20-headed hydra bites you!
You die...

................
.................##
...........$......#
......†............
.......<).##.......
......†....#.......
..........##..!....
...###....##.......
.. ###.hD@....... #
####........
##....... .......
....... .......
#..#... #.....


You could see a 20-headed hydra and a friendly polar bear (berserk).

Vanquished Creatures
  Erica (Lair:1)
  A centaur warrior (D:13)
  An unseen horror (D:11)
  A hill giant (D:12)
  A cyclops (D:13)
  An elephant (D:10)
  A centaur skeleton (D:13)
  A gargoyle (D:11)
  A slime creature (D:13)
  A trapdoor spider zombie (D:11)
  A shadow (D:13)
  2 hippogriffs
  A wyvern (D:13)
  6 yaks (D:11)
  A human (D:13)
  A water moccasin (D:13)
  A phantom (D:8)
  A sky beast (D:5)
  An orc warrior (D:10)
  A black bear (D:11)
  An ogre (D:13)
  4 ice beasts
  2 centaurs
  A crocodile (D:10)
  6 giant frogs
  A scorpion (D:8)
  3 wights (D:10)
  3 crimson imps
  3 orc wizards
  A giant frog skeleton (D:10)
  2 jellies
  A giant frog zombie (D:5)
  2 orc priests (D:4)
  A hound (D:9)
  3 iguanas
  8 sheep
  A worker ant zombie (D:11)
  12 adders
  3 gnolls (D:11)
  A shadow imp (D:11)
  3 giant geckos
  15 orcs
  3 giant cockroaches
  5 goblins
  2 hobgoblins (D:1)
  4 jackals (D:6)
  2 kobolds
  5 quokkas
  3 ball pythons
  A bat (D:2)
  A giant cockroach zombie (D:6)
  A giant newt (D:7)
  3 rats
  A plant (D:10)
134 creatures vanquished.

Notes
Turn   | Place    | Note
--------------------------------------------------------------
     0 | D:1      | 4thArraOfDagon the Hill Orc Berserker began the quest for the Orb.
     0 | D:1      | Reached XP level 1. HP: 19/19 MP: 1/1
   122 | D:2      | Reached XP level 2. HP: 24/27 MP: 2/2
   239 | D:3      | Noticed Grinder
   257 | D:2      | You fall through a shaft for 2 floors!
   265 | D:4      | Found Honiat's Magic Scroll Shop.
   290 | D:4      | Acquired Trog's second power
   290 | D:4      | Reached skill level 5 in Axes
   290 | D:4      | Reached XP level 3. HP: 28/33 MP: 3/3
   416 | D:4      | Reached XP level 4. HP: 40/40 MP: 4/4
   434 | D:4      | Got a transparent ring mail
   446 | D:4      | Identified the +1 ring mail of the Blessed Realm {Slay+3} (You found it on level 4 of the Dungeon)
   446 | D:4      | ofc
   446 | D:4      | :(
   483 | D:5      | Entered Level 5 of the Dungeon
   515 | D:5      | Reached XP level 5. HP: 45/47 MP: 5/5
   531 | D:5      | Noticed a sky beast
   541 | D:5      | Killed a sky beast
   541 | D:5      | Reached skill level 6 in Axes
   541 | D:5      | Reached XP level 6. HP: 55/55 MP: 6/6
   760 | D:6      | Reached skill level 5 in Fighting
   780 | D:6      | Reached skill level 7 in Axes
   825 | D:7      | Noticed a hungry ghost
   949 | D:7      | Reached XP level 7. HP: 57/61 MP: 7/7
  1053 | D:8      | Found Halomut's Humungous Hoard.
  1094 | D:8      | Reached skill level 8 in Axes
  1276 | D:8      | Reached skill level 5 in Armour
  1399 | D:9      | Reached skill level 9 in Axes
  1443 | D:10     | Entered Level 10 of the Dungeon
  1461 | D:10     | Reached XP level 8. HP: 70/70 MP: 8/8
  1478 | D:10     | Noticed a troll
  1482 | D:10     | You fall through a shaft for 3 floors!
  1482 | D:13     | Noticed a centaur skeleton
  1500 | D:13     | Killed a centaur skeleton
  1508 | D:13     | Reached skill level 10 in Axes
  1545 | D:13     | Noticed a centaur warrior
  1565 | D:13     | Killed a centaur warrior
  1565 | D:13     | Reached skill level 11 in Axes
  1565 | D:13     | Reached XP level 9. HP: 67/81 MP: 9/9
  1623 | D:13     | Noticed a slime creature
  1637 | D:13     | Killed a slime creature
  1682 | D:13     | Noticed a cyclops
  1695 | D:13     | Killed a cyclops
  1695 | D:13     | Reached skill level 12 in Axes
  1804 | D:14     | Noticed a centaur skeleton
  1840 | D:13     | Noticed a wizard
  1842 | D:13     | Noticed Donald
  1843 | D:13     | Found a gate to the Vaults.
  1843 | D:13     | Noticed a hill giant
  1844 | D:13     | Noticed a skeletal warrior
  1910 | D:13     | Reached XP level 10. HP: 90/90 MP: 10/10
  2005 | D:12     | Reached skill level 13 in Axes
  2263 | D:11     | Killed an unseen horror
  2263 | D:11     | Reached skill level 14 in Axes
  2478 | D:12     | Noticed a hill giant
  2487 | D:12     | Killed a hill giant
  2487 | D:12     | Reached skill level 10 in Fighting
  2595 | D:11     | Gained mutation: You are partially covered in molten scales (AC +1). [potion of mutation]
  2595 | D:11     | Gained mutation: Scrolls take you a little longer to read. [potion of mutation]
  2595 | D:11     | Gained mutation: You are partially covered in slimy green scales (AC +2). [potion of mutation]
  2777 | D:12     | Noticed a centaur zombie
  3163 | D:10     | Reached XP level 11. HP: 100/100 MP: 11/11
  3190 | D:10     | Found a staircase to the Lair.
  3192 | D:10     | Noticed an elephant
  3201 | D:10     | Reached skill level 15 in Axes
  3204 | D:10     | Killed an elephant
  3223 | Lair:1   | Entered Level 1 of the Lair of Beasts
  3223 | Lair:1   | Noticed Erica
  3228 | D:10     | Acquired Trog's third power
  3263 | Lair:1   | Noticed an eight-headed hydra
  3278 | Lair:1   | Killed Erica
  3287 | Lair:1   | Slain by a 20-headed hydra

Vault maps used:
D:1:      saegor_arrival_simple_b, minivault_14
D:2:      uniq_terence
D:3:      first_bread, kennysheep_generic_room_10, uniq_crazy_yiuf_cottage,
          uniq_grinder, uniq_sigmund
D:4:      serial_shops, shop
D:5:      nicolae_dithmenos_shadow_blocks, minmay_temple_entry_grid
D:7:      gammafunk_temple_overflow_statue, grunt_livestock, uniq_duvessa
D:8:      hex_medium, nicolae_alphabet_shops
D:9:      kennysheep_generic_room_11
D:10:     david_lair_generic, uniq_maud
D:11:     boulder_indie
D:12:     erik_orc_1, minmay_door_square, dk_noncrumbling_3
D:13:     david_vaults_3, kennysheep_generic_room_15
D:14:     evilmike_ruin_ashenzari
Lair:1:   beast_lair_carwin_7, serial_bayou_shore_a, uniq_erica

Action                   |  1- 3 |  4- 6 |  7- 9 | 10-12 || total
-------------------------+-------+-------+-------+-------++-------
Melee: Hand axe          |    54 |    90 |   192 |    96 ||   432
       War axe           |       |       |       |   141 ||   141
Invok: Berserk           |     5 |     2 |     7 |     6 ||    20
       Trog's Hand       |       |       |     6 |     1 ||     7
       Brothers in Arms  |       |       |       |     1 ||     1
  Use: Scroll            |       |     2 |       |     8 ||    10
       Potion            |       |       |     3 |     1 ||     4
  Eat: Chunk             |     3 |     7 |     7 |    11 ||    28
       Fruit             |       |       |     3 |       ||     3
